r e k t, neutral male scurrid Tourist ----------- |.........| ...{....------------- -............`......------------ -.......................`.....--------- -.@...................)...`..................+.................`..- --i..................Bcc`.``.......................%."......[....-- --.i...................`.``.....(....[.........................-- -...............q.`...`..`.........s.........&..........v.).-- ..d..............`.........................................- F....!.............................*......a................- ...F.....?...................d......?&...............Q..o...- ...............................Q.....>..............Q....i..- .......................--------- ......aq.?a......Q.o.......- ...........------------ --------- .......?.......<.- ------------ ---------- .{....| | r e k t the Rambler Experience level: 1 Strength: 11 Dexterity: 13 Constitution: 13 Intelligence: 12 Wisdom: 8 Charisma: 18 Health: 0(9) Energy: 2(2) Def: 0 Gold: 677 Moves: 34 Dungeon seed: S01TrcIB843Hg6H8 Game ID: r e k t_1498626446 Your Inventory: Coins $ - 677 gold pieces Weapons a - 49 uncursed +2 darts (in quiver) Armor e - an uncursed +0 Hawaiian shirt (being worn) Comestibles b - an uncursed orange c - 2 uncursed tripe rations d - an uncursed tin of kobold meat f - an uncursed fortune cookie g - 2 uncursed eggs h - 2 uncursed cram rations i - 3 uncursed food rations j - an uncursed carrot Scrolls l - 4 uncursed scrolls of magic mapping Potions k - 2 uncursed potions of extra healing Wands o - an uncursed wand of secret door detection (0:14) Tools m - an uncursed expensive camera (0:56) n - an uncursed credit card p - an uncursed tin opener Spells and supernatural/magical abilities: Name Level Category Fail Memory W - pray for help -- divine ? -- Your skills at the end: Miscellaneous Skills wands [Basic] Weapon Skills dart [Basic] Spellcasting Skills Final Attributes: You were devoutly aligned. You had infravision. You were very stealthy. You are dead. Voluntary challenges: You went without food. You did not adorn yourself with jewelry or accessories. You did not cause conflict. You were not invisible. You did not have reflection. You were not displaced. You were an atheist. You never hit with a wielded weapon. You were a pacifist. You did not use tools. You did not use plumbed fixtures. You did not drink any magical draughts. You were illiterate. You never genocided any monsters. You never polymorphed an object. You never changed form. You used no wishes. You never split a pudding. You never wrote Elbereth's name. You never violated your personal moral code. Dungeon overview: The Dungeons of Doom: levels 1 to 14 Level 1 a long staircase Level 2 Level 3 Level 4 Level 5 Level 6 Level 7 Level 8 a fountain Level 9 Level 10 a fountain Level 11 Level 12 Level 13 Level 14 <- You were here some fountains History has recorded: On T:1 you entered the Dungeons of Doom to retrieve the Amulet of Yendor! On T:4 you reached level 2 of The Dungeons of Doom. On T:7 you reached level 3 of The Dungeons of Doom. On T:9 you reached level 4 of The Dungeons of Doom. On T:11 you reached level 5 of The Dungeons of Doom. On T:13 you reached level 6 of The Dungeons of Doom. On T:16 you reached level 7 of The Dungeons of Doom. On T:18 you reached level 8 of The Dungeons of Doom. On T:20 you reached level 9 of The Dungeons of Doom. On T:22 you reached level 10 of The Dungeons of Doom. On T:26 you reached level 11 of The Dungeons of Doom. On T:28 you reached level 12 of The Dungeons of Doom. On T:31 you reached level 13 of The Dungeons of Doom. On T:33 you reached level 14 of The Dungeons of Doom. Score breakdown: Gold: 0 ( 0 points) Experience: 1 level ( 0 points) Exploration: 14 levels ( 390 points) Discoveries: 0 items ( 0 points) Variety of kills: 0 monsters ( 0 points) Major goal: (nothing yet) ( 0 points) Survival: died (score multiplied by 3) Total score: 1170 Latest messages: Your help is urgently needed at Ankh-Morpork! Look for a ...ic transporter. You couldn't quite make out that last message. You start digging downward. You continue digging downward. You dig a pit in the floor. You continue digging downward. You dig a hole through the floor. You fall through... You start digging downward. You continue digging downward. You dig a pit in the floor. You continue digging downward. You dig a hole through the floor. You fall through... You start digging downward. The Grey-elf wields a runed bow! The quasit claws you! (2x) The quasit bites! The winter wolf breathes frost! The blast of frost hits the quasit! The blast of frost hits you! You die... Final status: Aloha r e k t the Tourist, killed by a blast of frost... You died in The Dungeons of Doom on dungeon level 14 with 1170 points, and 677 pieces of gold, after 34 moves. You were level 1 with a maximum of 9 hit points when you died.